 Dungeon Crawl Stone Soup version 0.30-a0-364-gf6b3ef1049 (webtiles) character file.

Game seed: 4004191169129528055

3556 HolyTactitian the Thaumaturge (level 10, -7/67 HPs)
             Began as a Djinni Fire Elementalist on Nov 15, 2022.
             Was a Follower of Qazlal.
             Mangled by a six-headed hydra (10 damage)
             ... on level 8 of the Dungeon on Nov 16, 2022.
             The game lasted 01:16:24 (8518 turns).

HolyTactitian the Thaumaturge (DjFE)                Turns: 8518, Time: 01:16:25

Health: -7/67      AC:  6    Str:  7    XL:     10   Next: 30%
Gold:   296        EV: 13    Int: 21    God:    Qazlal [*.....] SH:  1 Dex: 14

rFire   + + +      SeeInvis .    E - +3 quarterstaff (chaos)
rCold   x x .      Faith    .    (shield currently unavailable)
rNeg    . . .      Spirit   .    p - +2 leather armour {rPois}
rPois   ∞          Reflect  .    s - +0 helmet
rElec   .          Harm     .    (no cloak)
rCorr   .          Rampage  .    (no gloves)
Will    +....                    (boots unavailable)
Stlth   ++........               (no amulet)
HPRegen 0.31/turn                r - ring of fire
MPRegen 0.00/turn                (no ring)

@: flying
A: sickness immunity, fire resistance 2, cold vulnerability 1, float, innate
caster, HP casting, extra vitality 1
a: Renounce Religion


You were on level 8 of the Dungeon.
You worshipped Qazlal.
Qazlal was aware of your devotion.
You visited 1 branch of the dungeon, and saw 9 of its levels.

You collected 296 gold pieces.

Inventory:

Hand Weapons
 g - a +0 short sword
 k - a +0 great sword
 q - a +2 dagger of speed
 E - a +3 quarterstaff of chaos (weapon)
 K - a +0 dagger
Armour
 a - a +0 robe
 m - a +2 robe
 p - a +2 leather armour of poison resistance (worn)
 s - a +0 helmet (worn)
 D - a +0 hat
Magical Staves
 c - a staff of earth
 w - a staff of air
Jewellery
 n - an amulet of faith
 r - a ring of fire (left hand)
Wands
 o - a wand of iceblast (21)
 y - a wand of acid (7)
 z - a wand of flame (28)
Scrolls
 b - a scroll of enchant armour {unknown}
 e - a scroll of teleportation {unknown}
 l - a scroll of acquirement {unknown}
 t - 2 scrolls of enchant weapon
 u - a scroll of blinking {unknown}
 v - 2 scrolls of magic mapping {unknown}
 x - a scroll of butterflies {unknown}
 A - a scroll of brand weapon {unknown}
 B - 3 scrolls of immolation
 C - a scroll of poison
 I - a scroll of summoning {unknown}
 J - a scroll of noise {unknown}
Potions
 d - a potion of attraction {unknown}
 f - 2 potions of mutation {unknown}
 h - 2 potions of curing
 i - 4 potions of heal wounds {unknown}
 j - a potion of cancellation {unknown}
 F - 2 potions of invisibility {unknown}
 G - a potion of haste {unknown}
 H - a potion of flight
 L - a potion of berserk rage {unknown}


   Skills:
 + Level 3.0 Fighting
 + Level 2.3 Short Blades
 + Level 2.7 Staves
 + Level 4.2 Armour
 + Level 4.3 Dodging
 + Level 4.0 Stealth
 + Level 8.7 Spellcasting
 + Level 2.0 Evocations


You had 4 spell levels left.
You knew the following spells:

 Your Spells              Type           Power      Damage    Failure   Level
a - Foxfire               Conj/Fire      100%       2x1d9     1%          1
b - Scorch                Fire           100%       2d10      1%          2
c - Kindle Blastsparks    Fire/Tloc/Air  100%       2d18      1%          3
d - Inner Flame           Hex/Fire       62%        N/A       1%          3
e - Flame Wave            Conj/Fire      62%        2d14      3%          4
f - Beastly Appendage     Tmut           90%        N/A       1%          1
g - Poisonous Vapours     Pois/Air       90%        N/A       1%          2
h - Searing Ray           Conj           90%        2d7       1%          2
i - Ice Form              Ice/Tmut       45%        N/A       3%          4
Your spell library was empty.

Dungeon Overview and Level Annotations

Branches:
Dungeon (9/15)             Temple (0/1) D:7
   Lair: D:8-11         Orc: D:9-12

Altars:
Ashenzari
Makhleb
Okawaru
Qazlal
Ru
Wu Jian
Xom
The Shining One

Shops:
D:3 [


Innate Abilities, Weirdness & Mutations

You are immune to sickness and miasma.
You are immune to poison.
Your flesh is very heat resistant. (rF++)
You are vulnerable to cold. (rC-)
You float through the air rather than walking.
You learn spells naturally, not from books.
Your magical power is your life essence.
You have superior vitality. (+4 MHP)


Message History

You feel a surge of power!
A wave of flame ripples out!
The flame wave engulfs the steam dragon!
The steam dragon is severely wounded.
The flame wave engulfs your foxfire.
Your foxfire completely resists.
The flame wave engulfs your foxfire.
Your foxfire completely resists. (Press . to intensify the flame waves.)
The foxfire hits the steam dragon.
The steam dragon is almost dead.
The foxfire hits the steam dragon.
You kill the steam dragon!
Qazlal accepts your kill.
Your Fighting skill increases to level 3!
Your Stealth skill increases to level 4!
A wave of flame ripples out!
The flame wave engulfs the six-headed hydra!
The six-headed hydra is lightly wounded.
The six-headed hydra barely misses you. The six-headed hydra bites you.
The six-headed hydra bites you! x2; The six-headed hydra barely misses you.
The six-headed hydra bites you.
A wave of flame ripples out!
The flame wave engulfs the six-headed hydra!
The six-headed hydra is moderately wounded.
You finish channelling waves of flame.
The six-headed hydra barely misses you.
The six-headed hydra bites you but does no damage.
The six-headed hydra bites you!
* * * LOW HITPOINT WARNING * * *
The six-headed hydra bites you but does no damage. x2
The six-headed hydra closely misses you.
The six-headed hydra completely misses you.
The six-headed hydra misses you.
The six-headed hydra closely misses you. x2
The six-headed hydra misses you.
The six-headed hydra bites you but does no damage.
The six-headed hydra attacks as you move away!
The six-headed hydra bites you!
* * * LOW HITPOINT WARNING * * *
The six-headed hydra barely misses you. The six-headed hydra bites you!
You die...

# .. ########
...##$.....# ...........#
...........#
...........##############
#...$....)...............
#......D@).#############.
#.[.......)# #.
#..........# #######.
#....####### #.......
#.... #....... #...
#....... #... #Y##.......
#. #....... #.##.......


You could see a six-headed hydra.

Vanquished Creatures
  Pikel (D:6)
  Grinder (D:6)
  5 yaks (D:8)
  A steam dragon (D:8)
  2 water moccasins
  An orc warrior (D:8)
  2 ogres
  A centaur (D:5)
  2 lemures (D:6)
  A necrophage (D:6)
  3 bullfrogs
  2 scorpions (D:5)
  3 wights (D:7)
  A killer bee (D:8)
  3 howler monkeys (D:7)
  A jelly (D:7)
  A gnoll bouda (D:6)
  Crazy Yiuf (D:6)
  3 hounds
  2 orc priests
  4 iguanas
  Ijyb (D:3)
  8 orc wizards
  9 gnolls
  5 adders
  A white imp (D:6)
  2 worms (D:2)
  2 dart slugs (D:4)
  22 orcs
  6 bats
  5 endoplasms
  2 giant cockroaches
  2 goblins (D:2)
  11 hobgoblins
  3 quokkas
  7 ball pythons
  6 frilled lizards
  8 kobolds
  5 rats
146 creatures vanquished.

Vanquished Creatures (others)
  240 foxfires
240 creatures vanquished.

Grand Total: 386 creatures vanquished

Notes
Turn   | Place    | Note
-------+----------+-------------------------------------------
     0 | D:1      | HolyTactitian the Djinni Fire Elementalist began the quest
                  | for the Orb.
     0 | D:1      | HolyTactitian set off with the following spells memorised:
                  | Foxfire, Scorch, Kindle Blastsparks, Inner Flame, Flame
                  | Wave.
     0 | D:1      | Reached XP level 1. HP: 15/15 MP: 0/0
    66 | D:1      | Reached XP level 2. HP: 14/21 MP: 0/0
   506 | D:1      | Reached skill level 3 in Spellcasting
   624 | D:1      | Reached XP level 3. HP: 16/25 MP: 0/0
   624 | D:1      | Learned a level 1 spell: Beastly Appendage
  1429 | D:2      | Reached XP level 4. HP: 2/31 MP: 0/0
  1885 | D:3      | Noticed an ogre
  1892 | D:3      | Killed an ogre
  1893 | D:3      | Reached skill level 4 in Spellcasting
  1893 | D:3      | Reached XP level 5. HP: 21/35 MP: 0/0
  1893 | D:3      | Learned a level 2 spell: Poisonous Vapours
  2127 | D:3      | Reached XP level 6. HP: 6/41 MP: 0/0
  2205 | D:3      | Noticed Ijyb
  2219 | D:3      | Killed Ijyb
  2613 | D:3      | Found a glowing golden altar of the Shining One.
  2615 | D:3      | Found a broken altar of Ashenzari.
  2981 | D:3      | Found Paruud's Armour Emporium.
  3315 | D:4      | Reached skill level 1 in Fighting
  4147 | D:5      | Entered Level 5 of the Dungeon
  4147 | D:5      | Found an iron altar of Okawaru.
  4166 | D:5      | Reached skill level 5 in Spellcasting
  4166 | D:5      | Reached XP level 7. HP: 45/47 MP: 0/0
  4166 | D:5      | Learned a level 2 spell: Searing Ray
  4430 | D:5      | Reached skill level 1 in Armour
  4716 | D:5      | Found a burning altar of Makhleb.
  4760 | D:5      | Found an ornate altar of the Wu Jian Council.
  4760 | D:5      | Found a shimmering altar of Xom.
  4766 | D:5      | Reached XP level 8. HP: 31/52 MP: 0/0
  5025 | D:5      | Found a sacrificial altar of Ru.
  5240 | D:6      | Reached skill level 6 in Spellcasting
  5737 | D:6      | Reached skill level 1 in Short Blades
  6002 | D:6      | Noticed Pikel
  6011 | D:6      | Killed Pikel
  6012 | D:6      | Reached skill level 1 in Evocations
  6012 | D:6      | Reached XP level 9. HP: 39/57 MP: 0/0
  6012 | D:6      | Learned a level 4 spell: Ice Form
  6014 | D:6      | Found a stormy altar of Qazlal.
  6095 | D:6      | Became a worshipper of Qazlal Stormbringer
  6196 | D:6      | Reached skill level 7 in Spellcasting
  6271 | D:6      | Noticed Grinder
  6277 | D:6      | Paralysed by Grinder for 3 turns
  6281 | D:6      | Killed Grinder
  6532 | D:6      | Found a runed translucent door.
  6533 | D:6      | Noticed Crazy Yiuf
  6539 | D:6      | Killed Crazy Yiuf
  7100 | D:8      | Reached skill level 1 in Staves
  7103 | D:8      | Reached skill level 8 in Spellcasting
  7104 | D:8      | Reached XP level 10. HP: 3/65 MP: 0/0
  7471 | D:7      | Reached * piety under Qazlal
  7576 | D:7      | Found a staircase to the Ecumenical Temple.
  8510 | D:8      | Noticed a six-headed hydra
  8518 | D:8      | HP: 3/67 [six-headed hydra (15)]
  8518 | D:8      | Mangled by a six-headed hydra

Illustrated notes

Levels and vault maps discovered:
D:1:      psy_arrival_terrarium, layout_loops_ring
D:2:      layout_rooms, chequers_ecumenical_altar_grove
D:3:      layout_loops_ring, grunt_temple_overflow_open, serial_shops, shop,
          uniq_ijyb
D:4:      layout_loops_corners, kennysheep_generic_room_10
D:5:      layout_rooms, amcnicky_altar_gilded, okawaru_trees_1,
          nicolae_overflow_hidden_temple, gammafunk_temple_overflow_pools
D:6:      layout_loops_ring, nicolae_qazlal_style_of_elements,
          chequers_mini_garden, uniq_pikel, uniq_crazy_yiuf_cottage,
          uniq_grinder
D:7:      layout_basic, led_sif_book, minmay_temple_entry_antechambers,
          kennysheep_minor_cross
D:8:      layout_basic, lair_entry_dummy
D:9:      layout_basic, mainiacjoe_overflow_small_starburst

Skill      XL: |  1  2  3  4  5  6  7  8  9 10 |
---------------+-------------------------------+-----
Spellcasting   | 3 4 5 6 8 |  8.7
Stealth        | 2 3 4 |  4.0
Fighting       | 1 2 3 |  3.0
Armour         | 2 3 4 |  4.2
Dodging        | 3 4 |  4.3
Short Blades   | 1 2 |  2.3
Evocations     | 1 2 |  2.0
Staves         | 1 2 |  2.7

Action                   |  1- 3 |  4- 6 |  7- 9 | 10-12 || total
-------------------------+-------+-------+-------+-------++-------
Melee: Unarmed           |     3 |       |       |       ||     3
       Short sword       |    13 |     3 |       |       ||    16
       Punch             |     1 |       |       |       ||     1
       Dagger            |       |     8 |    28 |       ||    36
       Quarterstaff      |       |       |     9 |    22 ||    31
 Cast: Foxfire           |    64 |    39 |    38 |    21 ||   162
       Scorch            |    10 |    20 |    25 |       ||    55
       Beastly Appendage |     4 |     1 |       |       ||     5
       Kindle Blastspark |       |     7 |     3 |       ||    10
       Poisonous Vapours |       |     1 |       |       ||     1
       Inner Flame       |       |     1 |     5 |       ||     6
       Searing Ray       |       |       |     4 |       ||     4
       Flame Wave        |       |       |     6 |     4 ||    10
Evoke: Wand              |       |       |     7 |       ||     7
  Use: Scroll            |       |       |     7 |       ||     7
       Potion            |       |       |     3 |     1 ||     4
 Stab: Sleeping          |       |     1 |       |       ||     1
Armor: Robe              |    11 |     2 |       |       ||    13
       Leather armour    |       |     3 |    17 |    16 ||    36
Dodge: Dodged            |    34 |    16 |    25 |    30 ||   105

Table legend: (Time is in decaauts)
 A = Elapsed time spent in this place.
 B = Non-inter-level travel time spent in this place.
 C = Inter-level travel time spent in this place.
 D = Time resting spent in this place.
 E = Time spent auto-exploring this place.
 F = Levels seen in this place.
 G = Mean time per level.
                   A        B        C        D        E       F      G
               +--------+--------+--------+--------+--------+-----+--------+
         Total |   8509 |   8012 |    497 |   3202 |      0 |   9 |  945.4 |
       Dungeon |   8509 |   8012 |    497 |   3202 |      0 |   9 |  945.4 |
               +--------+--------+--------+--------+--------+-----+--------+

Top non-repeatable levels by time:
     D:6: 1740 daAuts
     D:3: 1424 daAuts
     D:1: 1040 daAuts
     D:5: 1004 daAuts
     D:7: 962 daAuts
     D:2: 841 daAuts
     D:4: 835 daAuts
     D:8: 657 daAuts
     D:9: 2 daAuts
